AoeStats
← Madsite

Arabia

506435545Analyzed
1v1 RM · 19d ago on Sep 13, 2026· 17m 28s· 2 players
Game mode
Random Map
Map size
Tiny (2 player)
Population
200
Speed
Normal
Resources
Standard
Victory
Conquest
Starting age
Dark Age
Ending age
Imperial Age
RankedLock teamsTeams togetherTeam positionsShared explorationLock speedFull tech treeHidden civsTurbo modeCheats
Victory
Defeat
🇧🇪 Koreans · Belgium
938
+43
🇧🇷 Poles · Brazil
970
-17
LucanMeister
10:11 Loom
11:57 Feudal Age
14:07 Double-Bit Axe
15:29 Horse Collar
Madsite
8:08 Loom
10:27 Feudal Age
15:33 Castle Age
13:41 Double-Bit Axe
14:15 Loom
Connection lost

Rejoining the realm…

Still unreachable

The connection could not be restored.

Session expired

The server has moved on; the page needs a fresh start.